 Dungeon Crawl Stone Soup version 0.30.2 (webtiles) character file.

Game seed: 5266581436667273481

2210 porpoise the Skirmisher (level 9, -10/72 HPs)
             Began as a Human Hunter on Mar 21, 2024.
             Mangled by an orc warrior
             ... wielding a +0 dire flail
              (13 damage)
             ... on level 7 of the Dungeon.
             The game lasted 00:17:40 (5537 turns).

porpoise the Skirmisher (Human Hunter)              Turns: 5537, Time: 00:17:41

Health: -10/72     AC: 10    Str: 13    XL:     9   Next: 61%
Magic:  9/9        EV: 12    Int:  9    God:
Gold:   179        SH:  0    Dex: 26    Spells: 8/8 levels left

rFire   . . .        a - +1 shortbow (freeze)
rCold   . . .        (shield currently unavailable)
rNeg    . . .        c - +0 leather armour
rPois   .            (no helmet)
rElec   .            p - +1 cloak
rCorr   .            (no gloves)
SInv    .            s - +0 pair of boots
Will    .....        (no amulet)
Stlth   ++           k - +4 ring of protection
HPRegen 0.32/turn    o - +6 ring of dexterity
MPRegen 0.11/turn

%: no passive effects
@: no status effects
A: no striking features
a: no special abilities


You were on level 7 of the Dungeon.
You visited 2 branches of the dungeon, and saw 8 of its levels.

You collected 201 gold pieces.
You spent 22 gold pieces at shops.

Inventory:

Hand Weapons
 a - a +1 shortbow of freezing (weapon)
Missiles
 e - 6 atropa-tipped darts
 n - 12 poisoned darts
 u - 6 silver javelins
Armour
 c - a +0 leather armour (worn)
 p - a +1 cloak (worn)
 s - a +0 pair of boots (worn)
 y - an orb of light
Magical Staves
 w - a staff of poison
Jewellery
 d - a ring of willpower
 k - a +4 ring of protection (left hand)
 o - a +6 ring of dexterity (right hand)
Wands
 x - a wand of paralysis (7)
Scrolls
 b - 2 scrolls of immolation
 g - a scroll of teleportation {unknown}
 i - 2 scrolls of identify
 l - 4 scrolls of enchant weapon
 q - a scroll of silence {unknown}
 r - a scroll of magic mapping
 t - 3 scrolls of fog
 v - a scroll of enchant armour
Potions
 f - 4 potions of attraction
 h - 2 potions of might
 j - 2 potions of lignification
 m - a potion of ambrosia


   Skills:
 - Level 7.0 Fighting
 * Level 10.9 Ranged Weapons
 - Level 2.0 Dodging
 - Level 1.0 Stealth


You had 8 spell levels left.
You didn't know any spells.
Your spell library contained the following spells:

 Spells                   Type           Power      Damage    Failure   Level
 Beastly Appendage        Tmut           0%         N/A       45%         1
 Hailstorm                Conj/Ice       0%         3d3       83%         3
 Ice Form                 Ice/Tmut       0%         N/A       99%         4
 Simulacrum               Ice/Necr       0%         N/A       100%        6


Dungeon Overview and Level Annotations

Branches:
Dungeon (7/15)             Temple (1/1) D:5

Altars:
Ashenzari
Dithmenos
Elyvilon
Gozag
Kikubaaqudgha
Nemelex Xobeh
Qazlal
Ru
Trog
Wu Jian
Xom
Yredelemnul

Shops:
D:3 *


Message History

You shoot an arrow. The arrow hits the ice beast.
You kill the ice beast!
The orc warrior throws a silver boomerang.
The silver boomerang hits you.
The orc warrior hits you but does no damage.
You see here a bullfrog corpse.
You shoot an arrow.
The arrow closely misses the orc warrior.
Reactivating autopickup.
You feel a bit more experienced. The orc warrior barely misses you.
You shoot an arrow.
The arrow hits the orc warrior but does no damage.
The orc warrior is lightly wounded.
The orc warrior hits you with a +0 dire flail!
You shoot an arrow. The arrow hits the orc warrior!
The arrow freezes the orc warrior.
The orc warrior is moderately wounded.
The orc warrior hits you with a +0 dire flail.
You shoot an arrow.
The arrow hits the orc warrior but does no damage.
The orc warrior is moderately wounded.
The orc warrior hits you with a +0 dire flail.
You shoot an arrow.
The arrow hits the orc warrior but does no damage.
The orc warrior is moderately wounded.
The orc warrior hits you with a +0 dire flail!
* * * LOW HITPOINT WARNING * * *
You shoot an arrow.
The arrow hits the orc warrior but does no damage.
The orc warrior is moderately wounded.
The orc warrior hits you with a +0 dire flail!
* * * LOW HITPOINT WARNING * * *
You shoot an arrow.
The arrow closely misses the orc warrior.
The orc warrior hits you with a +0 dire flail!
* * * LOW HITPOINT WARNING * * *
You shoot an arrow.
The arrow barely misses the orc warrior.
The orc warrior hits you with a +0 dire flail!
You die...

.......##.......##...#..,,,,,,,,,
..##....#.⌠...⌠.#.......,,,,,,,,,
..♣♣~...#.......#.....##***,,,,,*
.~~P♣~..#########......## *,,,,,*
♣♣~~P♣♣.......###.......###.,,,*,
~~~♣~~♣♣........#...........,,,,,
~~~P~~~~......[...>........#*,,,,
~♣♣~~~~♣♣.....##.>..........*,,,,
~~~~~P~~~P....##@###.......#*,,,,
P~~P~~♣~~~##..##o###........,,,,,
~♣~P~~~~♣~.##.#.)#.#........,,,,,
~~~~≈≈~P♣♣###...............,,,,,
~≈≈≈≈≈~~~~~.................,,,,,
≈≈≈≈≈≈~~~♣♣........o........,,,,,
~~~≈≈≈~~~P~....##......o.##.,,,,,
~~~~~~~~P~♣....###.........,,,,,,
~~~~~~≈≈~~♣....#,#..........,,,,,


You could see an orc warrior.

Vanquished Creatures
  A vampire mosquito (D:7)
  Edmund (D:4)
  A water moccasin (D:7)
  2 sky beasts (D:7)
  4 black bears
  An ice beast (D:7)
  2 ogres (D:5)
  4 scorpions
  A bullfrog (D:7)
  4 killer bees (D:7)
  A howler monkey (D:4)
  3 electric eels (D:7)
  2 hounds
  An orc priest (D:7)
  2 iguanas
  2 orc wizards (D:7)
  4 gnolls
  12 adders
  A shadow imp (D:7)
  A white imp (D:7)
  An ufetubus (D:5)
  A dart slug (D:3)
  2 orcs (D:7)
  9 endoplasms
  4 giant cockroaches
  10 goblins
  11 hobgoblins
  5 jackals
  3 quokkas
  12 ball pythons
  3 bats
  3 frilled lizards
  6 kobolds
  7 rats
127 creatures vanquished.

Notes
Turn   | Place    | Note
-------+----------+-------------------------------------------
     0 | D:1      | porpoise the Human Hunter began the quest for the Orb.
     0 | D:1      | Reached XP level 1. HP: 16/16 MP: 1/1
    62 | D:1      | Reached XP level 2. HP: 5/23 MP: 2/2
   374 | D:1      | Reached XP level 3. HP: 28/28 MP: 3/3
   374 | D:1      | Found a faded altar of an unknown god.
   384 | D:1      | Got Plato's Folio of the Gestalt
   728 | D:2      | Reached skill level 5 in Ranged Weapons
   728 | D:2      | Reached XP level 4. HP: 21/34 MP: 4/4
  1176 | D:2      | Reached XP level 5. HP: 41/41 MP: 5/5
  1868 | D:3      | Found Luat's General Store.
  1872 | D:3      | Bought a scroll of identify for 22 gold pieces
  2658 | D:4      | Noticed Edmund
  2675 | D:4      | Killed Edmund
  2676 | D:4      | Reached skill level 6 in Ranged Weapons
  2676 | D:4      | Reached XP level 6. HP: 18/48 MP: 6/6
  3456 | D:4      | Reached XP level 7. HP: 54/54 MP: 7/7
  3518 | D:4      | Found a sparkling altar of Nemelex Xobeh.
  3533 | D:4      | Reached skill level 7 in Ranged Weapons
  3538 | D:4      | Found an ornate altar of the Wu Jian Council.
  4006 | D:5      | Entered Level 5 of the Dungeon
  4048 | D:5      | Reached skill level 5 in Fighting
  4048 | D:5      | Reached XP level 8. HP: 62/62 MP: 8/8
  4173 | D:5      | Reached skill level 8 in Ranged Weapons
  4216 | D:5      | Found a staircase to the Ecumenical Temple.
  4235 | Temple   | Entered the Ecumenical Temple
  4568 | D:5      | You fall into a shaft and drop 2 floors!
  4683 | D:7      | Reached skill level 9 in Ranged Weapons
  4827 | D:7      | Reached XP level 9. HP: 23/69 MP: 9/9
  5099 | D:7      | Reached skill level 10 in Ranged Weapons
  5536 | D:7      | HP: 3/72 [orc warrior/+0 dire flail (7)]
  5537 | D:7      | Mangled by an orc warrior

Illustrated notes

Levels and vault maps discovered:
D:1:      dpeg_arrival_line_fractal, layout_loops_ring,
          shapermc_ecumenical_altar_rom_forum
D:2:      layout_basic, minmay_snake_closets
D:3:      layout_basic, serial_shops, shop
D:4:      layout_basic, minitemple, uniq_edmund
D:5:      layout_rooms, minmay_temple_entry_statues_pillars, serial_rivers,
          chequers_serial_rivers_micro_e, chequers_serial_rivers_marsh,
          chequers_serial_rivers_small_b, chequers_serial_rivers_small_a,
          chequers_serial_rivers_large_b, minmay_misc_feat_roman,
          minmay_curled_crystal
D:6:      layout_loops_cross, grunt_temple_overflow_octagram,
          nicolae_uskayaw_dance_hall, minmay_manual_moon
D:7:      layout_cave_pools, serial_bayou, serial_bayou_shore_b,
          serial_bayou_lake_a, serial_bayou_pond_e, serial_bayou_pond_c,
          kennysheep_small_square
Temple:   hellmonk_temple_flake

Skill      XL: |  1  2  3  4  5  6  7  8  9 |
---------------+----------------------------+-----
Ranged Weapons | 5 6 7 9 10 | 10.9
Fighting       | 3 4 5 6 7 |  7.0
Dodging        | |  2.0
Stealth        | |  1.0

Action                     |  1- 3 |  4- 6 |  7- 9 || total
---------------------------+-------+-------+-------++-------
  Melee: Shortbow          |       |       |     1 ||     1
   Fire: Shortbow          |    60 |   150 |   178 ||   388
    Use: Scroll            |     1 |    13 |     2 ||    16
         Potion            |       |       |     3 ||     3
 Armour: Leather armour    |     2 |    19 |    44 ||    65
  Dodge: Dodged            |    18 |    38 |    69 ||   125
